 Dungeon Crawl Stone Soup version 0.22.1-6-g1668fe2 (webtiles) character file.

1387 rednit the Fighter (level 8, -5/75 HPs)
             Began as a Minotaur Berserker on Feb 6, 2019.
             Was an Elder of Trog.
             Killed by nerve-wracking pain
             ... invoked by an orc priest
              (8 damage)
             ... on level 6 of the Dungeon.
             The game lasted 00:33:58 (6294 turns).

rednit the Fighter (Minotaur Berserker)             Turns: 6294, Time: 00:33:58

Health: -5/75      AC:  8    Str: 24    XL:     8   Next: 40%
Magic:  7/7        EV:  9    Int:  4    God:    Trog [****..]
Gold:   179        SH:  7    Dex: 10    Spells: 7/7 levels left

rFire    . . .     SeeInvis .   a - +0 mace
rCold    . . .     Gourm    .   t - +0 shield
rNeg     . . .     Faith    .   e - +0 scale mail
rPois    .         Spirit   .   (helmet restricted)
rElec    .         Reflect  .   (no cloak)
rCorr    .         Harm     .   (no gloves)
MR       .....                  i - +0 pair of boots
Stlth    ..........             (no amulet)
HPRegen  0.22/turn              (no ring)
MPRegen  0.10/turn              (no ring)

@: slowed, very slow
A: retaliatory headbutt, horns 2
a: Berserk, Trog's Hand, Brothers in Arms, Renounce Religion


You were on level 6 of the Dungeon.
You worshipped Trog.
Trog was greatly pleased with you.
You were not hungry.

You visited 1 branch of the dungeon, and saw 6 of its levels.

You collected 179 gold pieces.

Inventory:

Hand Weapons
 a - a +0 mace (weapon)
 r - a +0 hunting sling
Missiles
 k - a tomahawk (quivered)
 o - 237 stones
Armour
 e - a +0 scale mail (worn)
 i - a +0 pair of boots (worn)
 t - a +0 shield (worn)
Jewellery
 b - a cursed ring of teleportation {unknown}
Scrolls
 d - a scroll of fog
 g - a scroll of magic mapping
 j - 4 scrolls of remove curse
 m - a scroll of identify
 n - a scroll of enchant armour
 p - a scroll of blinking
 q - a scroll of fear {unknown}
 s - a scroll of immolation {unknown}
 u - a scroll of silence {unknown}
Potions
 f - a potion of degeneration {unknown}
 h - a potion of heal wounds {unknown}
Comestibles
 c - 10 rations


   Skills:
 * Level 8.7 Fighting
 + Level 6.6 Maces & Flails
 + Level 6.0 Armour
 + Level 5.4 Dodging


You had 7 spell levels left.
You didn't know any spells.
Your spell library was empty.

Dungeon Overview and Level Annotations

Branches:
Dungeon (6/15)             Temple (0/1) D:4

Altars:
Cheibriados
Fedhas
Nemelex Xobeh
Okawaru
Qazlal
Ru
Vehumet


Innate Abilities, Weirdness & Mutations

You reflexively headbutt those who attack you in melee.
You have a pair of horns on your head.


Message History

As you read the scroll of identify, it crumbles to dust.
n - a scroll of enchant armour You block the orc priest's attack.
The ice beast hits you but does no damage.
As you read the scroll of identify, it crumbles to dust.
p - a scroll of blinking The orc priest hits you with a dagger.
* * * LOW HITPOINT WARNING * * *
The ice beast closely misses you.
The orc priest hits you but does no damage.
You block the ice beast's attack.
Blink to where?
Press: ? - help, Dir - move target cursor, f - you
Okay, then.
You recover from your berserk rage.
The orc priest hits you but does no damage.
The orc priest casts a cantrip, but nothing happens.
The orc priest mumbles some strange prayers to Beogh against you.
Pain shoots through your body!
You die...

# # # .. #. . #.. #. .#
##[.#.### ##.# .#
Y.......##[o.# .# #......)#
..# #..).))## ..##
.......##..#######..##
.......##..Yo..@.....####
...........o#######.....##..
.......###...#####.......#...
....... #....)..............
....... ###.)##...........#
######........##...........#
.##########.......>..#
#..........# #..........#


You could see an ice beast, an orc priest and an orc.

Vanquished Creatures
  2 orc warriors (D:6)
  2 ogres
  A bullfrog (D:6)
  3 scorpions
  A howler monkey (D:4)
  5 hounds
  2 orc priests
  6 orc wizards
  A bullfrog skeleton (D:4)
  2 worker ants (D:5)
  A howler monkey skeleton (D:4)
  8 gnolls (D:3)
  12 adders
  A shadow imp (D:5)
  An ooze (D:5)
  An adder skeleton (D:6)
  7 worms
  4 dart slugs
  3 leopard geckos
  8 orcs
  6 giant cockroaches
  A hobgoblin (D:1)
  10 jackals
  5 kobolds
  3 quokkas
  2 ball pythons
  9 bats
  7 frilled lizards
  8 goblins
  A quokka skeleton (D:5)
  2 rats (D:1)
125 creatures vanquished.

Vanquished Creatures (others)
  A rat (D:2)
1 creature vanquished.

Grand Total: 126 creatures vanquished

Notes
Turn   | Place    | Note
-------+----------+-------------------------------------------
     0 | D:1      | rednit the Minotaur Berserker began the quest for the Orb.
     0 | D:1      | Reached XP level 1. HP: 19/19 MP: 0/0
   179 | D:1      | Reached XP level 2. HP: 24/27 MP: 1/1
   276 | D:1      | Reached skill level 4 in Fighting
  1052 | D:2      | Reached XP level 3. HP: 27/33 MP: 2/2
  1113 | D:2      | Found a radiant altar of Vehumet.
  1451 | D:2      | Reached ** piety under Trog
  2132 | D:2      | Reached XP level 4. HP: 37/41 MP: 3/3
  2136 | D:2      | Reached skill level 5 in Fighting
  2511 | D:3      | Reached XP level 5. HP: 41/48 MP: 4/4
  3078 | D:3      | Reached *** piety under Trog
  3258 | D:3      | Reached XP level 6. HP: 57/57 MP: 5/5
  3267 | D:3      | Found a sacrificial altar of Ru.
  3481 | D:4      | Reached skill level 6 in Fighting
  3481 | D:4      | Reached skill level 5 in Maces & Flails
  4301 | D:4      | Found a stormy altar of Qazlal.
  4304 | D:4      | Found a snail-covered altar of Cheibriados.
  4356 | D:4      | Found a sparkling altar of Nemelex Xobeh.
  4359 | D:4      | Found a blossoming altar of Fedhas.
  4425 | D:4      | Reached XP level 7. HP: 56/64 MP: 6/6
  4460 | D:4      | Found a staircase to the Ecumenical Temple.
  4787 | D:5      | Entered Level 5 of the Dungeon
  4846 | D:5      | Reached skill level 7 in Fighting
  5073 | D:5      | Reached skill level 5 in Armour
  5891 | D:5      | Found an iron altar of Okawaru.
  6051 | D:6      | Reached skill level 5 in Dodging
  6051 | D:6      | Reached XP level 8. HP: 74/74 MP: 7/7
  6054 | D:6      | Reached skill level 8 in Fighting
  6271 | D:6      | Reached **** piety under Trog
  6284 | D:6      | HP: 1/75 [ice beast (13)]
  6291 | D:6      | HP: 2/75 [orc priest/dagger (1)]
  6294 | D:6      | Killed from afar by an orc priest

Skill      XL: |  1  2  3  4  5  6  7  8 |
---------------+-------------------------+-----
Fighting       | 4 5 6 7 8 |  8.7
Maces & Flails | 4 5 6 |  6.6
Armour         | 3 4 5 6 |  6.0
Dodging        | 3 4 5 |  5.4

Action                   |  1- 3 |  4- 6 |  7- 9 || total
-------------------------+-------+-------+-------++-------
Melee: Mace              |    91 |   133 |   140 ||   364
       Headbutt          |    14 |    21 |    30 ||    65
Throw: Tomahawk          |       |     3 |     9 ||    12
       Stone             |       |       |    13 ||    13
Invok: Berserk           |       |     1 |     2 ||     3
       Trog's Hand       |       |       |     1 ||     1
  Use: Scroll            |     4 |       |     4 ||     8
       Potion            |       |     3 |       ||     3
  Eat: Chunk             |     4 |     8 |     5 ||    17
       Ration            |       |       |     1 ||     1
Armor: Animal skin       |     4 |       |       ||     4
       Ring mail         |    22 |       |       ||    22
       Scale mail        |     7 |    51 |    59 ||   117
Dodge: Dodged            |    44 |    81 |    76 ||   201
Block: Shield            |       |       |    44 ||    44
